Rampage vs Comets (R1)

Created - June 3, 2023 at 22:51

Goals
1 2 3 T
Rampage 0 1 6 7
Comets 1 0 1 2
Shots
1 2 3 T
Rampage 13 9 10 32
Comets 3 12 8 23

1st period

1. Comets , Ryan Lomberg 27 (Daniel Zaar 58, Jonas Brodin 42) at 15:40 (PP)

Penalties :
Teemu Pulkkinen (Uti) for Hooking (Minor) at 11:13, Adam Clendening (San) for High sticking (Minor) at 14:42, Denis Gurianov (Uti) for Interference (Minor) at 16:02

2nd period

2. Rampage , Christian Dvorak 28 (Dylan Sikura 22, Ethan Bear 51) at 3:57 (PP)

Penalties :
Jonas Brodin (Uti) for Hooking (Minor) at 2:46, Dominik Simon (San) for Goalie Interference (Minor) at 6:33, Teemu Pulkkinen (Uti) for Roughing (Minor) at 12:58

3rd period

3. Rampage , Artturi Lehkonen 5 (Zach Stepan 29, Sami Niku 18) at 4:28
4. Rampage , Ethan Bear 10 (Artturi Lehkonen 3, Sami Niku 19) at 8:43
5. Rampage , Rourke Chartier 51 (Dominik Simon 58, Jordan Kyrou 42) at 10:50
6. Comets , Nicolas Petan 34 (Unassisted) at 11:07
7. Rampage , Dylan Sikura 25 (Jordan Kyrou 43, Tim Erixon 8) at 11:50 (PP)
8. Rampage , Jordan Kyrou 36 (Dominik Simon 59, Ethan Bear 52) at 13:44
9. Rampage , T.J. Tynan 22 (Dylan Sikura 23, Tim Erixon 9) at 17:53 (PP)

Penalties :
Daniil Miromanov (Uti) for Slashing (Minor) at 2:16, Tony DeAngelo (Uti) for Roughing (Minor) at 11:14, Teemu Hartikainen (Uti) for Hooking (Minor) at 13:53, Juuso Riikola (Uti) for Interference (Minor) at 17:23

Goalie Stats

Jake Oettinger (San), 21 saves from 23 shots - (0.913), W, 35-21-4, 60:00 minutes
Thatcher Demko (Uti), 25 saves from 32 shots - (0.781), L, 32-24-1, 60:00 minutes

Players Stats for Rampage

Player Name              G  A  P  +/- PIM S  H  SB GA TA FO     MP     PP MP  PK MP  
------------------------------------------------------------------------------------
Adam Clendening          0  0  0   0  2   2  2  0  0  1  0/0    11:52   0:00   1:09 
Anthony Richard          0  0  0   0  0   2  1  0  1  1  1/4    11:03   0:19   0:59 
Artturi Lehkonen         1  1  2   2  0   1  2  0  2  0  0/0    10:30   0:12   0:36 
Christian Dvorak         1  0  1   0  0   2  0  1  1  0  1/1    17:22   5:39   1:55 
Dominik Simon            0  2  2   1  2   4  3  0  0  1  1/2    22:06   6:21   0:00 
Dylan Blujus             0  0  0   1  0   2  0  2  0  0  0/0    19:11   4:46   0:25 
Dylan Sikura             1  2  3   0  0   5  0  0  1  0  0/0    15:40   5:39   0:26 
Emil Bemstrom            0  0  0   0  0   1  0  1  2  0  0/1    10:14   0:19   0:00 
Ethan Bear               1  2  3   1  0   1  1  2  0  0  0/0    24:20   4:46   1:34 
Jordan Kyrou             1  2  3   1  0   1  4  2  3  0  0/1    21:57   6:14   0:00 
Matt Roy                 0  0  0   0  0   1  3  0  0  0  0/0    13:51   0:00   1:23 
Pierre-Luc Dubois        0  0  0   0  0   0  1  0  0  1  0/0     9:38   0:00   0:00 
Rourke Chartier          1  0  1   1  0   2  0  1  0  0  11/32  22:06   6:14   0:06 
Sami Niku                0  2  2   2  0   1  0  2  0  0  0/0    25:46   7:26   0:00 
T.J. Tynan               1  0  1   0  0   4  5  0  0  1  5/14   17:16   5:39   1:52 
Tim Erixon               0  2  2   2  0   1  1  3  0  2  0/0    24:59   7:26   1:23 
Trent Frederic           0  0  0   2  0   0  1  0  0  0  0/0     9:35   0:00   0:00 
Zach Stepan              0  1  1   2  0   2  0  0  1  1  1/5     9:35   0:00   0:00 

Players Stats for Comets

Player Name              G  A  P  +/- PIM S  H  SB GA TA FO     MP     PP MP  PK MP  
------------------------------------------------------------------------------------
Adam Ollas-Mattsson      0  0  0   0  0   0  1  1  0  0  0/0     6:23   0:00   5:00 
Andrej Nestrasil         0  0  0   0  0   2  2  1  0  0  4/6    14:58   0:00   4:47 
Curtis Lazar             0  0  0  -2  0   1  0  0  0  1  0/0     9:47   0:00   0:00 
Dan Renouf               0  0  0  -1  0   0  0  0  0  1  0/0    13:03   0:00   0:00 
Daniel Zaar              0  1  1   0  0   1  3  0  0  0  1/2    18:12   1:27   6:20 
Daniil Miromanov         0  0  0  -2  2   0  0  2  0  2  0/0    11:01   0:00   1:25 
Denis Gurianov           0  0  0  -2  2   2  0  2  1  1  2/2    19:00   1:30   0:00 
Gustav Lindstrom         0  0  0  -2  0   0  0  0  0  0  0/0    10:17   0:43   0:00 
Jean-Sebastien Dea       0  0  0   0  0   1  1  0  0  1  0/1     8:41   1:27   0:00 
Joel Eriksson Ek         0  0  0  -2  0   1  0  0  0  0  3/4    10:15   0:00   0:28 
Jonas Brodin             0  1  1   0  2   0  0  1  2  1  0/0    29:37   2:14   6:33 
Juho Lammikko            0  0  0   0  0   0  1  1  1  0  0/0     7:09   0:05   0:00 
Juuso Riikola            0  0  0  -1  2   0  1  2  0  1  0/0    19:58   0:43   4:50 
Nicolas Petan            1  0  1  -1  0   3  2  2  0  0  21/33  22:21   1:30   3:20 
Phil Di Giuseppe         0  0  0   0  0   2  4  0  1  0  2/2     9:56   0:00   2:59 
Ryan Lomberg             1  0  1  -2  0   3  0  0  1  0  0/0    11:28   1:27   0:12 
Teemu Hartikainen        0  0  0  -1  2   4  1  0  0  1  6/8    24:26   1:25   5:22 
Teemu Pulkkinen          0  0  0   0  4   0  1  0  1  0  1/2    11:27   0:00   0:56 
Tony DeAngelo            0  0  0   0  2   3  0  6  1  2  0/0    29:40   2:14   6:36 

3 Stars

1 - Jordan Kyrou (San)
2 - Ethan Bear (San)
3 - Artturi Lehkonen (San)

Power Play

Rampage - 3 on 8 Attempt(s) - 37.50%
Comets - 1 on 2 Attempt(s) - 50.00%

Penalty Kill

Rampage - 1 on 2 Attempt(s) - 50.00% - Score 0 goal in Penalty Kill
Comets - 5 on 8 Attempt(s) - 62.50% - Score 0 goal in Penalty Kill

Team Stat

Rampage - Hits : 24 - Faceoff Wins : 20 - Blocked Shots : 14 - Penalty Minutes : 4
Comets - Hits : 17 - Faceoff Wins : 40 - Blocked Shots : 18 - Penalty Minutes : 16

Official

Referees : Dan Kelly and Furman South
Linesman : Scott Cherrey and Tyson Baker

Game Notes

11:07 of 3rd period - Penalty Shot by Nicolas Petan for Comets - Goal!

Finance

Level 1 -- Attendance: 1982 (99.10%) -- Ticket Income $69,370
Level 2 -- Attendance: 923 (92.30%) -- Ticket Income $13,845
Total Attendance: 2905 (96.83%)
Total Ticket Income: $83,215
Other Income: $4,161
Total Income: $87,376

Rampage

5 vs 5 Forward 
   Center                   Left Wing                Right Wing               Time % Phy DF OF 
 1 Rourke Chartier          Dominik Simon            Jordan Kyrou             40     1   2  2  
 2 T.J. Tynan               Christian Dvorak         Emil Bemstrom            30     1   2  2  
 3 Anthony Richard          Pierre-Luc Dubois        Dylan Sikura             20     1   2  2  
 4 Zach Stepan              Artturi Lehkonen         Trent Frederic           10     1   2  2  

5 vs 5 Defense 
   Defense                  Defense                                           Time % Phy DF OF 
 1 Sami Niku                Ethan Bear                                        40     1   2  2  
 2 Dylan Blujus             Tim Erixon                                        30     1   2  2  
 3 Adam Clendening          Matt Roy                                          20     1   2  2  
 4 Matt Roy                 Tim Erixon                                        10     1   2  2  

PowerPlay Forward 
   Center                   Left Wing                Right Wing               Time % Phy DF OF 
 1 Rourke Chartier          Dominik Simon            Jordan Kyrou             60     1   2  2  
 2 T.J. Tynan               Christian Dvorak         Dylan Sikura             40     1   2  2  

PowerPlay Defense
   Defense                  Defense                                           Time % Phy DF OF 
 1 Sami Niku                Tim Erixon                                        60     1   2  2  
 2 Ethan Bear               Dylan Blujus                                      40     1   2  2  

Penalty Kill 4 Players Forward 
   Center                   Wing                     Time % Phy DF OF 
 1 T.J. Tynan               Christian Dvorak         60     1   2  2  
 2 Anthony Richard          Dylan Sikura             40     1   2  2  

Penalty Kill 4 Players Defense
   Defense                  Defense                  Time % Phy DF OF 
 1 Ethan Bear               Adam Clendening          60     1   2  2  
 2 Matt Roy                 Tim Erixon               40     1   2  2  

Penalty Kill - 3 Players Forward 
   Forward                                           Time % Phy DF OF 
 1 Anthony Richard                                   60     1   2  2  
 2 Christian Dvorak                                  40     1   2  2  

Penalty Kill - 3 Players Defense
   Defense                  Defense                  Time % Phy DF OF 
 1 Adam Clendening          Ethan Bear               60     1   2  2  
 2 Matt Roy                 Tim Erixon               40     1   2  2  

4 vs 4 Forward 
   Center                   Wing                     Time % Phy DF OF 
 1 T.J. Tynan               Jordan Kyrou             60     1   2  2  
 2 Zach Stepan              Christian Dvorak         40     1   2  2  

4 vs 4 Defense
   Defense                  Defense                  Time % Phy DF OF 
 1 Matt Roy                 Ethan Bear               60     1   2  2  
 2 Dylan Blujus             Sami Niku                40     1   2  2  

Last Minutes Offensive
   Center                   Left Wing                Right Wing               Defense                  Defense                  
   Rourke Chartier          Dominik Simon            Jordan Kyrou             Sami Niku                Tim Erixon               

Last Minutes Defensive
   Center                   Left Wing                Right Wing               Defense                  Defense                  
   T.J. Tynan               Christian Dvorak         Dylan Sikura             Adam Clendening          Tim Erixon               

Goaltenders
Starting : Jake Oettinger           
Backup : Magnus Hellberg          

Extra Forwards
Normal : Dominik Simon, Jordan Kyrou, Zach Stepan - PP : T.J. Tynan, Rourke Chartier - PK : T.J. Tynan
Extra Defensemen
Normal : Tim Erixon, Ethan Bear, Sami Niku - PP : Matt Roy - PK : Dylan Blujus, Matt Roy
Penalty Shots
Artturi Lehkonen, Rourke Chartier, Anthony Richard, Trent Frederic, Christian Dvorak

Scratches
Pierre Engvall (Bruised Right Leg Injury), Travis Sanheim (Healthy), Joachim Blichfeld (Back Spasms Injury), Frederic Allard (Healthy), Emil Larmi (Healthy)

Comets

5 vs 5 Forward 
   Center                   Left Wing                Right Wing               Time % Phy DF OF 
 1 Nicolas Petan            Teemu Hartikainen        Denis Gurianov           62     1   2  2  
 2 Andrej Nestrasil         Teemu Pulkkinen          Daniel Zaar              24     1   2  2  
 3 Joel Eriksson Ek         Ryan Lomberg             Curtis Lazar             10     1   2  2  
 4 Jean-Sebastien Dea       Phil Di Giuseppe         Juho Lammikko            4      1   2  2  

5 vs 5 Defense 
   Defense                  Defense                                           Time % Phy DF OF 
 1 Jonas Brodin             Tony DeAngelo                                     55     0   2  3  
 2 Dan Renouf               Juuso Riikola                                     30     1   2  2  
 3 Gustav Lindstrom         Daniil Miromanov                                  10     1   2  2  
 4 Jonas Brodin             Juuso Riikola                                     5      1   2  2  

PowerPlay Forward 
   Center                   Left Wing                Right Wing               Time % Phy DF OF 
 1 Nicolas Petan            Teemu Hartikainen        Denis Gurianov           70     0   0  5  
 2 Jean-Sebastien Dea       Ryan Lomberg             Daniel Zaar              30     0   0  5  

PowerPlay Defense
   Defense                  Defense                                           Time % Phy DF OF 
 1 Jonas Brodin             Tony DeAngelo                                     70     0   0  5  
 2 Juuso Riikola            Gustav Lindstrom                                  30     0   0  5  

Penalty Kill 4 Players Forward 
   Center                   Wing                     Time % Phy DF OF 
 1 Teemu Hartikainen        Daniel Zaar              60     1   2  2  
 2 Nicolas Petan            Andrej Nestrasil         40     1   2  2  

Penalty Kill 4 Players Defense
   Defense                  Defense                  Time % Phy DF OF 
 1 Jonas Brodin             Tony DeAngelo            60     1   2  2  
 2 Juuso Riikola            Adam Ollas-Mattsson      40     1   2  2  

Penalty Kill - 3 Players Forward 
   Forward                                           Time % Phy DF OF 
 1 Teemu Hartikainen                                 60     1   2  2  
 2 Nicolas Petan                                     40     1   2  2  

Penalty Kill - 3 Players Defense
   Defense                  Defense                  Time % Phy DF OF 
 1 Jonas Brodin             Tony DeAngelo            60     1   2  2  
 2 Dan Renouf               Juuso Riikola            40     1   2  2  

4 vs 4 Forward 
   Center                   Wing                     Time % Phy DF OF 
 1 Teemu Hartikainen        Daniel Zaar              60     1   2  2  
 2 Nicolas Petan            Denis Gurianov           40     1   2  2  

4 vs 4 Defense
   Defense                  Defense                  Time % Phy DF OF 
 1 Tony DeAngelo            Jonas Brodin             60     1   2  2  
 2 Dan Renouf               Juuso Riikola            40     1   2  2  

Last Minutes Offensive
   Center                   Left Wing                Right Wing               Defense                  Defense                  
   Nicolas Petan            Teemu Hartikainen        Denis Gurianov           Jonas Brodin             Tony DeAngelo            

Last Minutes Defensive
   Center                   Left Wing                Right Wing               Defense                  Defense                  
   Nicolas Petan            Teemu Hartikainen        Daniel Zaar              Jonas Brodin             Tony DeAngelo            

Goaltenders
Starting : Thatcher Demko           
Backup : Casey DeSmith            

Extra Forwards
Normal : Jean-Sebastien Dea, Juho Lammikko, Phil Di Giuseppe - PP : Jean-Sebastien Dea, Juho Lammikko - PK : Phil Di Giuseppe
Extra Defensemen
Normal : Gustav Lindstrom, Daniil Miromanov, Dan Renouf - PP : Gustav Lindstrom - PK : Daniil Miromanov, Dan Renouf
Penalty Shots
Teemu Hartikainen, Daniel Zaar, Denis Gurianov, Andrej Nestrasil, Curtis Lazar

Scratches
Anton Zlobin (Healthy), Lane Pederson (Healthy), Jaret Anderson-Dolan (Healthy), Michael Joly (Healthy), Jack Rathbone (Healthy)
Brandon Biro (Healthy), Tyler Graovac (Healthy), Rasmus Asplund (Healthy), Dmitry Sokolov (Healthy), Marek Langhamer (Healthy)
Michael Dipietro (Healthy)

% Time on Ice - Rampage

Lines # - Real PCT - Wanted PCT - Time Play
Normal Forward
1 - 35% - 40% - 15:53
2 - 22% - 30% - 9:45
3 - 21% - 20% - 9:38
4 - 21% - 10% - 9:35
Normal Defense
1 - 41% - 40% - 18:23
2 - 31% - 30% - 14:00
3 - 23% - 20% - 10:06
4 - 5% - 10% - 2:22
PP Forward
1 - 54% - 60% - 6:33
2 - 46% - 40% - 5:39
PP Defense
1 - 61% - 60% - 7:26
2 - 39% - 40% - 4:46
PK Forward
1 - 85% - 60% - 2:31
2 - 15% - 40% - 0:26
PK Defense
1 - 53% - 60% - 1:34
2 - 47% - 40% - 1:23
PK3 Forward
1 - 0% - 60%
2 - 0% - 40%
PK3 Defense
1 - 0% - 60%
2 - 0% - 40%
44 Forward
1 - 0% - 60%
2 - 0% - 40%
44 Defense
1 - 0% - 60%
2 - 0% - 40%
Last Minute Offensive  - 0:00
Last Minute Defensive  - 0:00
Total
Forward - 60:00
Defense - 60:00

% Time on Ice - Comets

Lines # - Real PCT - Wanted PCT - Time Play
Normal Forward
1 - 40% - 62% - 17:59
2 - 23% - 24% - 10:12
3 - 22% - 10% - 9:47
4 - 15% - 4% - 6:53
Normal Defense
1 - 46% - 55% - 20:51
2 - 32% - 30% - 14:26
3 - 21% - 10% - 9:34
4 - 0% - 5% - 0:00
PP Forward
1 - 51% - 70% - 1:30
2 - 49% - 30% - 1:27
PP Defense
1 - 76% - 70% - 2:14
2 - 24% - 30% - 0:43
PK Forward
1 - 73% - 60% - 8:52
2 - 27% - 40% - 3:20
PK Defense
1 - 59% - 60% - 7:12
2 - 41% - 40% - 5:00
PK3 Forward
1 - 0% - 60%
2 - 0% - 40%
PK3 Defense
1 - 0% - 60%
2 - 0% - 40%
44 Forward
1 - 0% - 60%
2 - 0% - 40%
44 Defense
1 - 0% - 60%
2 - 0% - 40%
Last Minute Offensive  - 0:00
Last Minute Defensive  - 0:00
Total
Forward - 60:00
Defense - 60:00

Play-by-Play

1st period


0:01 of 1st period - Rourke Chartier wins face-off versus Nicolas Petan in neutral zone.
0:08 of 1st period - Snap shot by Jordan Kyrou.
0:08 of 1st period - Shot Misses the Net.
0:20 of 1st period - Rourke Chartier is hit by Teemu Hartikainen and loses puck.
0:31 of 1st period - Slapshot by Curtis Lazar.
0:31 of 1st period - Shot Blocked by Ethan Bear.
1:16 of 1st period - Wrist shot by Daniel Zaar.
1:16 of 1st period - Shot Misses the Net.
2:19 of 1st period - Snap shot by Christian Dvorak.
2:19 of 1st period - Stopped by Thatcher Demko with a rebound.
2:21 of 1st period - Snap shot by Dylan Blujus.
2:21 of 1st period - Deflect By T.J. Tynan.
2:21 of 1st period - Stopped by Thatcher Demko with a rebound.
2:23 of 1st period - Wrist shot by T.J. Tynan.
2:23 of 1st period - Stopped by Thatcher Demko without a rebound.
2:24 of 1st period - Nicolas Petan wins face-off versus Anthony Richard in Comets zone.
2:24 of 1st period - Nicolas Petan is hit by Anthony Richard.
2:56 of 1st period - Snap shot by Dylan Sikura.
2:56 of 1st period - Stopped by Thatcher Demko with a rebound.
2:58 of 1st period - Slapshot by Adam Clendening.
2:58 of 1st period - Stopped by Thatcher Demko with a rebound.
3:00 of 1st period - Snap shot by Dylan Sikura.
3:00 of 1st period - Shot Misses the Net.
3:02 of 1st period - Snap shot by Matt Roy.
3:02 of 1st period - Deflect By Jonas Brodin.
3:02 of 1st period - Stopped by Thatcher Demko with a rebound.
3:04 of 1st period - Snap shot by Pierre-Luc Dubois.
3:04 of 1st period - Shot Misses the Net.
3:06 of 1st period - Backhand shot by Anthony Richard.
3:06 of 1st period - Shot Misses the Net.
3:08 of 1st period - Slapshot by Matt Roy.
3:08 of 1st period - Shot Blocked by Jonas Brodin.
3:10 of 1st period - Slapshot by Anthony Richard.
3:10 of 1st period - Shot Misses the Net.
3:12 of 1st period - Snap shot by Dylan Sikura.
3:12 of 1st period - Stopped by Thatcher Demko with a rebound.
3:40 of 1st period - Snap shot by Dylan Sikura.
3:40 of 1st period - Stopped by Thatcher Demko with a rebound.
3:52 of 1st period - Snap shot by Dylan Sikura.
3:52 of 1st period - Shot Misses the Net.
3:54 of 1st period - Slapshot by Adam Clendening.
3:54 of 1st period - Stopped by Thatcher Demko with a rebound.
4:00 of 1st period - Wrist shot by Dylan Sikura.
4:00 of 1st period - Stopped by Thatcher Demko with a rebound.
5:13 of 1st period - Off-side.
5:14 of 1st period - Daniel Zaar wins face-off versus T.J. Tynan in neutral zone.
5:53 of 1st period - Slapshot by Curtis Lazar.
5:53 of 1st period - Stopped by Jake Oettinger with a rebound.
6:03 of 1st period - Jean-Sebastien Dea is hit by Artturi Lehkonen and loses puck.
6:12 of 1st period - Snap shot by Zach Stepan.
6:12 of 1st period - Stopped by Thatcher Demko with a rebound.
6:14 of 1st period - Slapshot by Dylan Blujus.
6:14 of 1st period - Deflect By Artturi Lehkonen.
6:14 of 1st period - Shot Misses the Net.
6:14 of 1st period - Puck is out of play.
6:15 of 1st period - Andrej Nestrasil wins face-off versus Emil Bemstrom in Comets zone.
7:17 of 1st period - Dan Renouf is hit by Trent Frederic and loses puck.
7:33 of 1st period - Slapshot by Daniel Zaar.
7:33 of 1st period - Shot Blocked by Tim Erixon.
7:35 of 1st period - Slapshot by Juuso Riikola.
7:35 of 1st period - Deflect By Andrej Nestrasil.
7:35 of 1st period - Shot Misses the Net.
7:35 of 1st period - Puck is out of play.
7:36 of 1st period - Andrej Nestrasil wins face-off versus Rourke Chartier in Rampage zone.
9:20 of 1st period - Joel Eriksson Ek is hit by Adam Clendening and loses puck.
9:31 of 1st period - Ethan Bear is hit by Juuso Riikola and loses puck.
9:46 of 1st period - Andrej Nestrasil is hit by T.J. Tynan.
10:14 of 1st period - Rourke Chartier is hit by Phil Di Giuseppe and loses puck.
10:23 of 1st period - Juho Lammikko is hit by Matt Roy and loses puck.
10:34 of 1st period - Phil Di Giuseppe is hit by Jordan Kyrou and loses puck.
10:43 of 1st period - Slapshot by Dominik Simon.
10:43 of 1st period - Stopped by Thatcher Demko with a rebound.
10:45 of 1st period - Slapshot by Dylan Blujus.
10:45 of 1st period - Deflect By Dominik Simon.
10:45 of 1st period - Shot Blocked by Tony DeAngelo.
10:45 of 1st period - Puck is out of play.
10:46 of 1st period - Denis Gurianov wins face-off versus T.J. Tynan in Comets zone.
11:13 of 1st period - Minor Penalty to Teemu Pulkkinen for Hooking.
11:14 of 1st period - Teemu Hartikainen wins face-off versus T.J. Tynan in Comets zone.
11:21 of 1st period - Wrist shot by Teemu Hartikainen.
11:21 of 1st period - Stopped by Jake Oettinger without a rebound.
11:22 of 1st period - T.J. Tynan wins face-off versus Daniel Zaar in Rampage zone.
11:22 of 1st period - T.J. Tynan is hit by Daniel Zaar.
11:34 of 1st period - Wrist shot by Dylan Sikura.
11:34 of 1st period - Shot Blocked by Tony DeAngelo.
13:09 of 1st period - Icing by Tim Erixon.
13:10 of 1st period - Phil Di Giuseppe wins face-off versus Rourke Chartier in Rampage zone.
13:13 of 1st period - Penalty to Teemu Pulkkinen is over, Teemu Pulkkinen is back on ice.
14:19 of 1st period - Icing by Matt Roy.
14:20 of 1st period - Christian Dvorak wins face-off versus Andrej Nestrasil in Rampage zone.
14:37 of 1st period - Wrist shot by Emil Bemstrom.
14:37 of 1st period - Stopped by Thatcher Demko without a rebound.
14:38 of 1st period - Nicolas Petan wins face-off versus Anthony Richard in Comets zone.
14:42 of 1st period - Minor Penalty to Adam Clendening for High sticking.
14:43 of 1st period - T.J. Tynan wins face-off versus Nicolas Petan in Rampage zone.
14:53 of 1st period - Tony DeAngelo is hit by T.J. Tynan.
15:21 of 1st period - Slapshot by Ryan Lomberg.
15:21 of 1st period - Shot Misses the Net.
15:33 of 1st period - T.J. Tynan is hit by Jean-Sebastien Dea and loses puck.
15:38 of 1st period - Wrist shot by Daniel Zaar.
15:38 of 1st period - Shot Misses the Net.
15:40 of 1st period - Snap shot by Daniel Zaar.
15:40 of 1st period - Deflect By Ryan Lomberg.
15:40 of 1st period - Goal by Ryan Lomberg - Rampage : 0 - Comets : 1.
15:41 of 1st period - Nicolas Petan wins face-off versus Rourke Chartier in neutral zone.
16:02 of 1st period - Minor Penalty to Denis Gurianov for Interference.
16:03 of 1st period - Teemu Hartikainen wins face-off versus Rourke Chartier in Comets zone.
16:55 of 1st period - Adam Ollas-Mattsson is hit by Dominik Simon and loses puck.
17:18 of 1st period - Dylan Sikura is hit by Teemu Pulkkinen and loses puck.
17:37 of 1st period - T.J. Tynan is hit by Adam Ollas-Mattsson.
18:02 of 1st period - Penalty to Denis Gurianov is over, Denis Gurianov is back on ice.
Goals for this period are 0 for Rampage vs 1 for Comets.
Shots for this period are 13 for Rampage vs 3 for Comets.

2nd period


0:01 of 2nd period - Nicolas Petan wins face-off versus Rourke Chartier in neutral zone.
0:04 of 2nd period - Backhand shot by Nicolas Petan.
0:04 of 2nd period - Shot Blocked by Ethan Bear.
0:16 of 2nd period - Slapshot by Dominik Simon.
0:16 of 2nd period - Stopped by Thatcher Demko with a rebound.
1:31 of 2nd period - Snap shot by Daniel Zaar.
1:31 of 2nd period - Stopped by Jake Oettinger without a rebound.
1:32 of 2nd period - Dominik Simon wins face-off versus Nicolas Petan in Rampage zone.
1:32 of 2nd period - Dominik Simon is hit by Nicolas Petan.
1:57 of 2nd period - Emil Bemstrom is hit by Daniel Zaar and loses puck.
2:22 of 2nd period - Snap shot by Ryan Lomberg.
2:22 of 2nd period - Stopped by Jake Oettinger with a rebound.
2:24 of 2nd period - Slapshot by Daniil Miromanov.
2:24 of 2nd period - Deflect By Curtis Lazar.
2:24 of 2nd period - Shot Misses the Net.
2:24 of 2nd period - Puck is out of play.
2:25 of 2nd period - Rourke Chartier wins face-off versus Nicolas Petan in Rampage zone.
2:46 of 2nd period - Minor Penalty to Jonas Brodin for Hooking.
2:47 of 2nd period - Teemu Hartikainen wins face-off versus Rourke Chartier in Comets zone.
3:45 of 2nd period - Wrist shot by T.J. Tynan.
3:45 of 2nd period - Shot Blocked by Nicolas Petan.
3:47 of 2nd period - Snap shot by Dylan Blujus.
3:47 of 2nd period - Stopped by Thatcher Demko with a rebound.
3:55 of 2nd period - Snap shot by Christian Dvorak.
3:55 of 2nd period - Shot Blocked by Adam Ollas-Mattsson.
3:57 of 2nd period - Wrist shot by Christian Dvorak.
3:57 of 2nd period - Goal by Christian Dvorak - Rampage : 1 - Comets : 1.
3:58 of 2nd period - Nicolas Petan wins face-off versus Rourke Chartier in neutral zone.
4:09 of 2nd period - Wrist shot by Denis Gurianov.
4:09 of 2nd period - Shot Misses the Net.
4:23 of 2nd period - Daniel Zaar is hit by Matt Roy and loses puck.
5:11 of 2nd period - Denis Gurianov is hit by Pierre-Luc Dubois and loses puck.
5:50 of 2nd period - Snap shot by Andrej Nestrasil.
5:50 of 2nd period - Stopped by Jake Oettinger without a rebound.
5:51 of 2nd period - Teemu Pulkkinen wins face-off versus Zach Stepan in Rampage zone.
6:05 of 2nd period - Off-side.
6:06 of 2nd period - Nicolas Petan wins face-off versus Rourke Chartier in neutral zone.
6:11 of 2nd period - Snap shot by Teemu Hartikainen.
6:11 of 2nd period - Stopped by Jake Oettinger without a rebound.
6:12 of 2nd period - Nicolas Petan wins face-off versus Rourke Chartier in Rampage zone.
6:15 of 2nd period - Wrist shot by Teemu Hartikainen.
6:15 of 2nd period - Shot Blocked by Tim Erixon.
6:17 of 2nd period - Snap shot by Jonas Brodin.
6:17 of 2nd period - Shot Misses the Net.
6:23 of 2nd period - Wrist shot by Tony DeAngelo.
6:23 of 2nd period - Shot Blocked by Dylan Blujus.
6:25 of 2nd period - Wrist shot by Teemu Hartikainen.
6:25 of 2nd period - Stopped by Jake Oettinger with a rebound.
6:27 of 2nd period - Snap shot by Tony DeAngelo.
6:27 of 2nd period - Stopped by Jake Oettinger with a rebound.
6:33 of 2nd period - Minor Penalty to Dominik Simon for Goalie Interference.
6:34 of 2nd period - Nicolas Petan wins face-off versus T.J. Tynan in Rampage zone.
6:41 of 2nd period - Slapshot by Tony DeAngelo.
6:41 of 2nd period - Stopped by Jake Oettinger without a rebound.
6:42 of 2nd period - Nicolas Petan wins face-off versus T.J. Tynan in Rampage zone.
8:33 of 2nd period - Penalty to Dominik Simon is over, Dominik Simon is back on ice.
8:45 of 2nd period - Off-side.
8:46 of 2nd period - Andrej Nestrasil wins face-off versus Rourke Chartier in neutral zone.
8:51 of 2nd period - Icing by Jordan Kyrou.
8:52 of 2nd period - Andrej Nestrasil wins face-off versus Rourke Chartier in Rampage zone.
10:05 of 2nd period - Dylan Sikura is hit by Phil Di Giuseppe.
10:11 of 2nd period - Slapshot by Dylan Blujus.
10:11 of 2nd period - Deflect By Nicolas Petan.
10:11 of 2nd period - Stopped by Thatcher Demko without a rebound.
10:12 of 2nd period - Nicolas Petan wins face-off versus Zach Stepan in Comets zone.
10:26 of 2nd period - Icing by Tim Erixon.
10:27 of 2nd period - Nicolas Petan wins face-off versus Zach Stepan in Rampage zone.
10:36 of 2nd period - Slapshot by Tim Erixon.
10:36 of 2nd period - Stopped by Thatcher Demko without a rebound.
10:37 of 2nd period - Rourke Chartier wins face-off versus Nicolas Petan in Comets zone.
11:12 of 2nd period - Snap shot by Teemu Hartikainen.
11:12 of 2nd period - Shot Blocked by Jordan Kyrou.
11:14 of 2nd period - Slapshot by Nicolas Petan.
11:14 of 2nd period - Stopped by Jake Oettinger with a rebound.
11:16 of 2nd period - Snap shot by Tony DeAngelo.
11:16 of 2nd period - Deflect By Denis Gurianov.
11:16 of 2nd period - Shot Blocked by Dylan Blujus.
11:16 of 2nd period - Puck is out of play.
11:17 of 2nd period - T.J. Tynan wins face-off versus Teemu Pulkkinen in Rampage zone.
11:35 of 2nd period - T.J. Tynan is hit by Andrej Nestrasil and loses puck.
11:46 of 2nd period - Wrist shot by Ethan Bear.
11:46 of 2nd period - Shot Misses the Net.
11:48 of 2nd period - Wrist shot by Anthony Richard.
11:48 of 2nd period - Stopped by Thatcher Demko without a rebound.
11:49 of 2nd period - Joel Eriksson Ek wins face-off versus Anthony Richard in Comets zone.
12:21 of 2nd period - Slapshot by Jonas Brodin.
12:21 of 2nd period - Shot Blocked by Jordan Kyrou.
12:23 of 2nd period - Wrist shot by Jonas Brodin.
12:23 of 2nd period - Shot Blocked by Tim Erixon.
12:25 of 2nd period - Slapshot by Tony DeAngelo.
12:25 of 2nd period - Deflect By Rourke Chartier.
12:25 of 2nd period - Stopped by Jake Oettinger with a rebound.
12:27 of 2nd period - Snap shot by Denis Gurianov.
12:27 of 2nd period - Stopped by Jake Oettinger without a rebound.
12:28 of 2nd period - T.J. Tynan wins face-off versus Nicolas Petan in Rampage zone.
12:33 of 2nd period - Teemu Hartikainen is hit by T.J. Tynan and loses puck.
12:42 of 2nd period - Snap shot by T.J. Tynan.
12:42 of 2nd period - Shot Blocked by Juuso Riikola.
12:44 of 2nd period - Snap shot by Sami Niku.
12:44 of 2nd period - Stopped by Thatcher Demko with a rebound.
12:51 of 2nd period - Icing by Nicolas Petan.
12:52 of 2nd period - Rourke Chartier wins face-off versus Andrej Nestrasil in Comets zone.
12:53 of 2nd period - Snap shot by Jordan Kyrou.
12:53 of 2nd period - Shot Misses the Net.
12:58 of 2nd period - Minor Penalty to Teemu Pulkkinen for Roughing.
12:59 of 2nd period - Teemu Hartikainen wins face-off versus Rourke Chartier in Comets zone.
13:07 of 2nd period - Daniel Zaar is hit by Tim Erixon.
14:58 of 2nd period - Penalty to Teemu Pulkkinen is over, Teemu Pulkkinen is back on ice.
15:00 of 2nd period - Juuso Riikola is hit by Artturi Lehkonen and loses puck.
15:28 of 2nd period - Joel Eriksson Ek is hit by Adam Clendening and loses puck.
15:43 of 2nd period - Slapshot by Nicolas Petan.
15:43 of 2nd period - Shot Hit the Post.
15:53 of 2nd period - Wrist shot by Denis Gurianov.
15:53 of 2nd period - Stopped by Jake Oettinger with a rebound.
16:00 of 2nd period - Icing by Ethan Bear.
16:01 of 2nd period - Joel Eriksson Ek wins face-off versus Zach Stepan in Rampage zone.
16:15 of 2nd period - Snap shot by Joel Eriksson Ek.
16:15 of 2nd period - Stopped by Jake Oettinger with a rebound.
16:25 of 2nd period - Wrist shot by Zach Stepan.
16:25 of 2nd period - Shot Misses the Net.
16:49 of 2nd period - Snap shot by Dominik Simon.
16:49 of 2nd period - Shot Blocked by Tony DeAngelo.
16:51 of 2nd period - Snap shot by Jordan Kyrou.
16:51 of 2nd period - Shot Blocked by Tony DeAngelo.
16:53 of 2nd period - Wrist shot by Rourke Chartier.
16:53 of 2nd period - Stopped by Thatcher Demko without a rebound.
16:54 of 2nd period - Nicolas Petan wins face-off versus T.J. Tynan in Comets zone.
17:39 of 2nd period - Off-side.
17:40 of 2nd period - Anthony Richard wins face-off versus Jean-Sebastien Dea in neutral zone.
17:45 of 2nd period - Backhand shot by Anthony Richard.
17:45 of 2nd period - Stopped by Thatcher Demko with a rebound.
18:05 of 2nd period - Slapshot by Rourke Chartier.
18:05 of 2nd period - Shot Blocked by Tony DeAngelo.
18:07 of 2nd period - Wrist shot by Jordan Kyrou.
18:07 of 2nd period - Shot Blocked by Nicolas Petan.
19:15 of 2nd period - Curtis Lazar is hit by Dominik Simon and loses puck.
Goals for this period are 1 for Rampage vs 0 for Comets.
Shots for this period are 9 for Rampage vs 12 for Comets.

3rd period


0:01 of 3rd period - Nicolas Petan wins face-off versus Rourke Chartier in neutral zone.
0:10 of 3rd period - Slapshot by Teemu Hartikainen.
0:10 of 3rd period - Deflect By Denis Gurianov.
0:10 of 3rd period - Shot Misses the Net.
0:10 of 3rd period - Puck is out of play.
0:11 of 3rd period - Nicolas Petan wins face-off versus Rourke Chartier in Rampage zone.
0:39 of 3rd period - Tony DeAngelo is hit by T.J. Tynan and loses puck.
1:32 of 3rd period - Icing by Pierre-Luc Dubois.
1:33 of 3rd period - Joel Eriksson Ek wins face-off versus Rourke Chartier in Rampage zone.
2:02 of 3rd period - Snap shot by Ryan Lomberg.
2:02 of 3rd period - Stopped by Jake Oettinger with a rebound.
2:16 of 3rd period - Minor Penalty to Daniil Miromanov for Slashing.
2:17 of 3rd period - Teemu Hartikainen wins face-off versus Rourke Chartier in Comets zone.
2:26 of 3rd period - Snap shot by Dominik Simon.
2:26 of 3rd period - Stopped by Thatcher Demko with a rebound.
2:50 of 3rd period - Slapshot by Tim Erixon.
2:50 of 3rd period - Shot Misses the Net.
2:52 of 3rd period - Wrist shot by T.J. Tynan.
2:52 of 3rd period - Shot Hit the Post.
4:16 of 3rd period - Penalty to Daniil Miromanov is over, Daniil Miromanov is back on ice.
4:26 of 3rd period - Wrist shot by Artturi Lehkonen.
4:26 of 3rd period - Shot Blocked by Daniil Miromanov.
4:28 of 3rd period - Snap shot by Artturi Lehkonen.
4:28 of 3rd period - Goal by Artturi Lehkonen - Rampage : 2 - Comets : 1.
4:29 of 3rd period - Denis Gurianov wins face-off versus T.J. Tynan in neutral zone.
4:54 of 3rd period - Adam Clendening is hit by Phil Di Giuseppe and loses puck.
5:19 of 3rd period - Pierre-Luc Dubois is hit by Daniel Zaar and loses puck.
5:24 of 3rd period - Backhand shot by Daniel Zaar.
5:24 of 3rd period - Shot Misses the Net.
5:26 of 3rd period - Slapshot by Gustav Lindstrom.
5:26 of 3rd period - Shot Misses the Net.
5:28 of 3rd period - Wrist shot by Andrej Nestrasil.
5:28 of 3rd period - Stopped by Jake Oettinger with a rebound.
5:57 of 3rd period - Off-side.
5:58 of 3rd period - T.J. Tynan wins face-off versus Joel Eriksson Ek in neutral zone.
6:23 of 3rd period - Joel Eriksson Ek is hit by Ethan Bear and loses puck.
6:36 of 3rd period - Wrist shot by Dylan Sikura.
6:36 of 3rd period - Shot Blocked by Tony DeAngelo.
6:49 of 3rd period - Off-side.
6:50 of 3rd period - Nicolas Petan wins face-off versus Rourke Chartier in neutral zone.
7:04 of 3rd period - Wrist shot by Teemu Hartikainen.
7:04 of 3rd period - Stopped by Jake Oettinger without a rebound.
7:05 of 3rd period - Nicolas Petan wins face-off versus T.J. Tynan in Rampage zone.
7:08 of 3rd period - Wrist shot by Nicolas Petan.
7:08 of 3rd period - Stopped by Jake Oettinger with a rebound.
7:10 of 3rd period - Slapshot by Juuso Riikola.
7:10 of 3rd period - Shot Blocked by Christian Dvorak.
7:12 of 3rd period - Slapshot by Dan Renouf.
7:12 of 3rd period - Shot Blocked by Sami Niku.
7:14 of 3rd period - Snap shot by Nicolas Petan.
7:14 of 3rd period - Shot Misses the Net.
7:16 of 3rd period - Snap shot by Juuso Riikola.
7:16 of 3rd period - Shot Blocked by Emil Bemstrom.
7:18 of 3rd period - Slapshot by Juuso Riikola.
7:18 of 3rd period - Shot Misses the Net.
7:54 of 3rd period - Snap shot by Phil Di Giuseppe.
7:54 of 3rd period - Stopped by Jake Oettinger with a rebound.
7:56 of 3rd period - Wrist shot by Jean-Sebastien Dea.
7:56 of 3rd period - Stopped by Jake Oettinger with a rebound.
7:58 of 3rd period - Wrist shot by Juho Lammikko.
7:58 of 3rd period - Shot Blocked by Sami Niku.
8:00 of 3rd period - Wrist shot by Juho Lammikko.
8:00 of 3rd period - Shot Misses the Net.
8:30 of 3rd period - Artturi Lehkonen is hit by Andrej Nestrasil and loses puck.
8:43 of 3rd period - Slapshot by Ethan Bear.
8:43 of 3rd period - Goal by Ethan Bear - Rampage : 3 - Comets : 1.
8:44 of 3rd period - Nicolas Petan wins face-off versus Rourke Chartier in neutral zone.
9:09 of 3rd period - Daniel Zaar is hit by T.J. Tynan and loses puck.
9:34 of 3rd period - Matt Roy is hit by Juho Lammikko and loses puck.
9:53 of 3rd period - Snap shot by Artturi Lehkonen.
9:53 of 3rd period - Shot Misses the Net.
9:55 of 3rd period - Snap shot by Zach Stepan.
9:55 of 3rd period - Stopped by Thatcher Demko without a rebound.
9:56 of 3rd period - Zach Stepan wins face-off versus Nicolas Petan in Comets zone.
10:38 of 3rd period - Wrist shot by Zach Stepan.
10:38 of 3rd period - Deflect By Jonas Brodin.
10:38 of 3rd period - Shot Blocked by Andrej Nestrasil.
10:38 of 3rd period - Puck is out of play.
10:39 of 3rd period - Rourke Chartier wins face-off versus Nicolas Petan in Comets zone.
10:42 of 3rd period - Wrist shot by Rourke Chartier.
10:42 of 3rd period - Shot Blocked by Denis Gurianov.
10:44 of 3rd period - Snap shot by Rourke Chartier.
10:44 of 3rd period - Shot Misses the Net.
10:46 of 3rd period - Snap shot by Dominik Simon.
10:46 of 3rd period - Shot Blocked by Juuso Riikola.
10:48 of 3rd period - Snap shot by Rourke Chartier.
10:48 of 3rd period - Shot Misses the Net.
10:50 of 3rd period - Snap shot by Rourke Chartier.
10:50 of 3rd period - Goal by Rourke Chartier - Rampage : 4 - Comets : 1.
10:51 of 3rd period - Nicolas Petan wins face-off versus Dominik Simon in neutral zone.
10:54 of 3rd period - Sami Niku is hit by Nicolas Petan.
11:02 of 3rd period - Snap shot by Rourke Chartier.
11:02 of 3rd period - Deflect By Dominik Simon.
11:02 of 3rd period - Stopped by Thatcher Demko with a rebound.
11:07 of 3rd period - Penalty Shot by Nicolas Petan for Comets.
11:07 of 3rd period - Wrist shot by Nicolas Petan.
11:07 of 3rd period - Goal by Nicolas Petan - Rampage : 4 - Comets : 2.
11:08 of 3rd period - Rourke Chartier wins face-off versus Teemu Hartikainen in neutral zone.
11:09 of 3rd period - Nicolas Petan wins face-off versus Jordan Kyrou in Comets zone.
11:14 of 3rd period - Minor Penalty to Tony DeAngelo for Roughing.
11:15 of 3rd period - Rourke Chartier wins face-off versus Teemu Hartikainen in Comets zone.
11:17 of 3rd period - Snap shot by Dominik Simon.
11:17 of 3rd period - Shot Misses the Net.
11:27 of 3rd period - Daniil Miromanov is hit by Jordan Kyrou and loses puck.
11:50 of 3rd period - Snap shot by Dylan Sikura.
11:50 of 3rd period - Goal by Dylan Sikura - Rampage : 5 - Comets : 2.
11:51 of 3rd period - Nicolas Petan wins face-off versus Rourke Chartier in neutral zone.
11:58 of 3rd period - Wrist shot by Denis Gurianov.
11:58 of 3rd period - Shot Misses the Net.
12:00 of 3rd period - Snap shot by Nicolas Petan.
12:00 of 3rd period - Shot Blocked by Rourke Chartier.
12:29 of 3rd period - Snap shot by Phil Di Giuseppe.
12:29 of 3rd period - Stopped by Jake Oettinger without a rebound.
12:30 of 3rd period - Nicolas Petan wins face-off versus T.J. Tynan in Rampage zone.
13:44 of 3rd period - Snap shot by Jordan Kyrou.
13:44 of 3rd period - Goal by Jordan Kyrou - Rampage : 6 - Comets : 2.
13:45 of 3rd period - Rourke Chartier wins face-off versus Nicolas Petan in neutral zone.
13:53 of 3rd period - Minor Penalty to Teemu Hartikainen for Hooking.
13:54 of 3rd period - Phil Di Giuseppe wins face-off versus Rourke Chartier in Comets zone.
14:03 of 3rd period - Tim Erixon is hit by Phil Di Giuseppe and loses puck.
15:49 of 3rd period - Juuso Riikola is hit by Jordan Kyrou and loses puck.
15:53 of 3rd period - Penalty to Teemu Hartikainen is over, Teemu Hartikainen is back on ice.
16:14 of 3rd period - Slapshot by Dylan Blujus.
16:14 of 3rd period - Shot Blocked by Daniil Miromanov.
16:46 of 3rd period - Snap shot by T.J. Tynan.
16:46 of 3rd period - Stopped by Thatcher Demko with a rebound.
16:56 of 3rd period - Daniil Miromanov is hit by Matt Roy and loses puck.
17:11 of 3rd period - Wrist shot by Curtis Lazar.
17:11 of 3rd period - Shot Misses the Net.
17:23 of 3rd period - Minor Penalty to Juuso Riikola for Interference.
17:24 of 3rd period - Teemu Hartikainen wins face-off versus Rourke Chartier in Comets zone.
17:53 of 3rd period - Snap shot by T.J. Tynan.
17:53 of 3rd period - Goal by T.J. Tynan - Rampage : 7 - Comets : 2.
17:54 of 3rd period - Rourke Chartier wins face-off versus Nicolas Petan in neutral zone.
17:57 of 3rd period - Jonas Brodin is hit by Dominik Simon and loses puck.
18:03 of 3rd period - Tony DeAngelo is hit by Jordan Kyrou and loses puck.
18:06 of 3rd period - Snap shot by Nicolas Petan.
18:06 of 3rd period - Stopped by Jake Oettinger without a rebound.
18:07 of 3rd period - Rourke Chartier wins face-off versus Nicolas Petan in Rampage zone.
18:18 of 3rd period - Wrist shot by Jordan Kyrou.
18:18 of 3rd period - Deflect By Tony DeAngelo.
18:18 of 3rd period - Shot Blocked by Denis Gurianov.
18:18 of 3rd period - Puck is out of play.
18:19 of 3rd period - Rourke Chartier wins face-off versus Nicolas Petan in Comets zone.
19:35 of 3rd period - Snap shot by Zach Stepan.
19:35 of 3rd period - Shot Blocked by Juho Lammikko.
Goals for this period are 6 for Rampage vs 1 for Comets.
Shots for this period are 10 for Rampage vs 8 for Comets.